 Dungeon Crawl Stone Soup version 0.18.1-48-g4cf74bf (webtiles) character file.

1059 glosham the Sneak (level 8, -1/58 HPs)
             Began as a Vine Stalker Abyssal Knight on Sept 2, 2016.
             Was a Believer of Lugonu.
             Succumbed to a scorpion's poison
             ... on level 4 of the Dungeon on Sept 3, 2016.
             The game lasted 01:10:09 (3490 turns).

glosham the Sneak (Vine Stalker Abyssal Knight)     Turns: 3490, Time: 01:10:10

Health: -1/58      AC: 24    Str: 15    XL:     8   Next: 27%
Magic:  14/14      EV:  2    Int: 13    God:    Lugonu [**....]
Gold:   427        SH:  0    Dex: 15    Spells: 2 memorised, 9 levels left

rFire  . . .     SeeInvis .     o - staff of summoning (curse)
rCold  . . .     Gourm    .     (armour currently unavailable)
rNeg   + + +     Faith    .     (no shield)
rPois  +         Spirit   +     (helmet currently unavailable)
rElec  .         Dismiss  .     (cloak currently unavailable)
rCorr  .         Reflect  .     (gloves currently unavailable)
SustAt .         Harm     .     (boots currently unavailable)
MR     +....     NoTele   +     (no amulet)
Stlth  +.........               (no ring)
                                v - ring of loudness (curse)

@: confused, lethally poisoned (-1 -> -5), tree-form, somewhat resistant to
hostile enchantments, very unstealthy
A: (fangs 0), regeneration 2, magic shield, (antimagic bite), no device heal 3,
rot immunity
a: Depart the Abyss, Bend Space, Renounce Religion


You were on level 4 of the Dungeon.
You worshipped Lugonu.
Lugonu was pleased with you.
You were not hungry.
You were a tree.
You visited 1 branch of the dungeon, and saw 8 of its levels.
You visited the Abyss 1 time.

You collected 427 gold pieces.

Inventory:

Hand Weapons
 b - a +1 blowgun
 d - a +2 vampiric hand axe
 t - a +0 mace of draining
 A - a +0 whip of draining
Missiles
 i - 42 poisoned needles
 k - 112 arrows
 l - 35 sling bullets
 m - 37 bolts
Armour
 U - a +0 helmet (melded)
 V - a +1 pair of gloves (melded)
 X - the +1 ring mail of the Guardian (melded) {Int+3 Dex+3}
   (You found it on level 4 of the Abyss)

   It affects your intelligence (+3).
   It affects your dexterity (+3).
Magical Staves
 o - a cursed staff of summoning (weapon)
Jewellery
 v - a cursed ring of loudness (left branch)
 C - an uncursed ring of ice
Wands
 g - a wand of iceblast (0/15)
 n - a wand of confusion (26/48)
Scrolls
 y - 2 scrolls of teleportation
 B - a scroll of enchant weapon
Potions
 c - 4 potions of haste
 f - 3 potions of lignification
 h - 4 potions of ambrosia
 r - 2 potions of heal wounds
 s - 2 potions of cure mutation {!q}
 u - a potion of berserk rage {unknown}
 w - 2 potions of curing {unknown}
 x - a potion of cancellation {unknown}
 z - a potion of might {unknown}
 F - a potion of beneficial mutation {unknown}
Books
 e - a book of Ice

   Spells                             Type                      Level
   a - Ice Form                       Ice/Transmutation            4
   b - Metabolic Englaciation         Hexes/Ice                    5
   c - Ozocubu's Refrigeration        Ice                          6
   d - Bolt of Cold                   Conjuration/Ice              6
   e - Freezing Cloud                 Conjuration/Ice/Air          6
   f - Simulacrum                     Ice/Necromancy               6
 p - a book of Fire

   Spells                             Type                      Level
   a - Ignite Poison                  Fire/Transmutation/Poison    3
   b - Fireball                       Conjuration/Fire             5
   c - Bolt of Fire                   Conjuration/Fire             6
   d - Delayed Fireball               Conjuration/Fire             7
   e - Ring of Flames                 Charms/Fire                  7
 D - a book of Spatial Translocations

   Spells                             Type                      Level
   a - Apportation                    Translocation                1
   b - Blink                          Translocation                2
   c - Shroud of Golubria             Charms/Translocation         2
   d - Portal Projectile              Translocation                3
   e - Teleport Other                 Translocation                3
   f - Passage of Golubria            Translocation                4
Comestibles
 a - 5 bread rations
 j - a slice of pizza
 E - a chunk of flesh


   Skills:
 - Level 2.6 Fighting
 - Level 1.5 Armour
 - Level 0.7 Dodging
 - Level 6.2 Stealth
 - Level 5.2 Unarmed Combat
 * Level 3.9 Spellcasting
 * Level 3.6 Transmutations
 + Level 2.4 Ice Magic
 - Level 1.7 Invocations


You had 9 spell levels left.
You knew the following spells:

 Your Spells              Type           Power        Failure   Level  Hunger
a - Apportation           Tloc           #.........   24%         1    None
I - Ice Form              Ice/Trmt       ##......     63%         4    ####...


Dungeon Overview and Level Annotations

Branches:
Dungeon (8/15)
 Temple: D:4-7         Lair: D:8-11

Altars:
Ashenzari
Makhleb
Okawaru
Pakellas
Ru
Zin

Shops:
D:6 *

Annotations:
D:7 Joseph


Innate Abilities, Weirdness & Mutations

((You have razor-sharp teeth.))
You heal very quickly.
When hurt, damage is shared between your health and your magic reserves.
((Your bite disrupts and absorbs the magic of your enemies.))
Potions and wands cannot restore your health.
You are immune to rotting.


Message History

The scorpion is moderately wounded.
You feel sick. The scorpion closely misses you. The scorpion stings you.
* * * LOW HITPOINT WARNING * * *
You are lethally poisoned!
The scorpion poisons you!
Fire/throw which item? (* to show all) (? for menu, Esc to quit)
Press: ? - help, Shift-Dir - straight line, f - scorpion
Aim: a scorpion (moderately wounded)
You throw a throwing net.
The throwing net barely misses the scorpion.
* * * LOW HITPOINT WARNING * * *
You feel sick. The scorpion stings you.
* * * LOW HITPOINT WARNING * * *
Drink which item? (? for menu, Esc to quit)
You turn into a tree.
Your +0 helmet melds into your body.
Your +1 pair of gloves melds into your body.
The +1 ring mail of the Guardian {Int+3 Dex+3} melds into your body.
Your roots penetrate the ground.
* * * LOW HITPOINT WARNING * * *
You feel sick. The scorpion stings you.
* * * LOW HITPOINT WARNING * * *
You hit the scorpion but do no damage.
The scorpion is moderately wounded.
* * * LOW HITPOINT WARNING * * *
You feel sick. The scorpion stings you.
* * * LOW HITPOINT WARNING * * *
You closely miss the scorpion.
The scorpion is moderately wounded.
* * * LOW HITPOINT WARNING * * *
You feel sick.
The scorpion stings you but does no damage.
Drink which item? (? for menu, Esc to quit)
You are confused.
You feel invigorated.
* * * LOW HITPOINT WARNING * * *
You feel sick.
The scorpion stings you but does no damage.
* * * LOW HITPOINT WARNING * * *
You feel sick. The scorpion stings you.
You die...

#.....#.......# #.......# #
#.#<###.#'#+#.# #.......##
########.#.###.#.#.#.###.........
.......................+.........
####.......###.#.#.#.###.......#.
...#.........#.#.#.#...........#.
.#.#...........#.#.######.####.#.
.'.'..........##.#.....#.......#.
.#.#..........##♣#####.#..######.
.#.#####.......#s#.........< #.
.+...# #........o.........## #.
.#...# #.....#..#####....... #.
.....# #.....##.#..s..^.....
.....# ########...###.#.....
....[# ##..# ... .## .....# ..o)#
..... .....# ......# .......


You could see a scorpion and an orc.

Vanquished Creatures
  Grinder (D:6)
  A fire bat (Abyss:2)
  Menkaure (D:7)
  An ice beast (D:7)
  A scorpion (D:4)
  2 howler monkeys
  The ghost of HEYYEYAAE the Chiller, a weakling DrIE (D:3)
  2 crimson imps (D:7)
  A hound (D:2)
  An iguana (D:4)
  3 orc wizards
  3 gnolls (D:7)
  3 adders (D:2)
  An ooze (D:2)
  An adder skeleton (D:7)
  3 worms
  A dart slug (D:1)
  2 giant geckos
  2 orcs (D:3)
  3 giant cockroaches
  5 goblins
  6 hobgoblins
  6 jackals
  A quokka (D:3)
  A ball python (D:3)
  11 bats
  5 giant newts
  10 kobolds
  7 rats
86 creatures vanquished.

Notes
Turn   | Place    | Note
--------------------------------------------------------------
     0 | Abyss:1  | glosham the Vine Stalker Abyssal Knight began the quest for the Orb.
     0 | Abyss:1  | Reached XP level 1. HP: 11/11 MP: 3/3
    29 | Abyss:2  | Found a corrupted altar of Lugonu.
    44 | Abyss:2  | Found a corrupted altar of Lugonu.
    61 | Abyss:2  | Noticed a fire bat
    74 | Abyss:2  | Noticed a small abomination
    87 | Abyss:2  | Noticed a fire bat
    88 | Abyss:2  | Noticed a hungry ghost
    88 | Abyss:2  | Killed a fire bat
    88 | Abyss:2  | Reached skill level 6 in Stealth
    88 | Abyss:2  | Reached XP level 2. HP: 16/16 MP: 4/4
    88 | Abyss:2  | Reached XP level 3. HP: 19/19 MP: 5/5
    88 | Abyss:2  | Reached XP level 4. HP: 23/23 MP: 6/6
    88 | Abyss:2  | Reached XP level 5. HP: 27/27 MP: 7/7
   222 | Abyss:3  | Noticed a ynoxinul
   232 | Abyss:3  | Noticed a sky beast
   242 | Abyss:3  | Noticed a neqoxec
   242 | Abyss:3  | Noticed a chaos spawn
   247 | Abyss:3  | Noticed a freezing wraith
   270 | Abyss:3  | Noticed a starcursed mass
   281 | Abyss:3  | Noticed an apocalypse crab
   304 | Abyss:3  | Noticed a large abomination
   317 | Abyss:3  | Noticed a large abomination
   320 | Abyss:3  | Noticed a chaos spawn
   323 | Abyss:3  | Noticed a blink frog
   323 | Abyss:3  | Noticed a blink frog
   324 | Abyss:3  | Noticed a blink frog
   328 | Abyss:3  | Noticed a blink frog
   329 | Abyss:3  | Noticed a storm dragon simulacrum
   363 | Abyss:4  | Noticed a large abomination
   391 | Abyss:4  | Noticed a tentacled starspawn
   397 | Abyss:4  | Noticed a large abomination
   441 | Abyss:4  | Noticed a raiju
   442 | Abyss:4  | Noticed an apocalypse crab
   454 | Abyss:4  | Got a faintly glowing ring mail
   462 | Abyss:4  | Noticed a raiju
   470 | Abyss:4  | Noticed a large abomination
   470 | Abyss:4  | Noticed a thrashing horror
   470 | Abyss:4  | Noticed a thrashing horror
   473 | Abyss:4  | Noticed a neqoxec
   473 | Abyss:4  | Noticed a neqoxec
   474 | D:1      | Escaped the Abyss
   485 | D:1      | Identified the +1 ring mail of the Guardian {Int+3 Dex+3} (You found it on level 4 of the Abyss)
   694 | D:3      | Noticed HEYYEYAAE's ghost (weakling DrIE)
   696 | D:3      | Killed HEYYEYAAE's ghost
   696 | D:3      | Reached * piety under Lugonu
   696 | D:3      | Reached skill level 3 in Unarmed Combat
   821 | D:5      | Entered Level 5 of the Dungeon
   913 | D:6      | Found Reovap's General Store.
   927 | D:6      | Found an iron altar of Okawaru.
   929 | D:6      | Noticed Grinder
  1065 | D:6      | Gained mutation: You heal very quickly. [Vine Stalker growth]
  1065 | D:6      | Reached XP level 6. HP: 32/32 MP: 8/8
  1089 | D:6      | Found an oddly glowing altar of Pakellas.
  1090 | D:6      | Found a glowing silver altar of Zin.
  1142 | D:6      | Killed Grinder
  1142 | D:6      | Reached skill level 5 in Unarmed Combat
  1161 | D:6      | Learned a level 4 spell: Ice Form
  1207 | D:7      | Noticed an ice beast
  1232 | D:7      | Killed an ice beast
  1232 | D:7      | Reached skill level 1 in Spellcasting
  1232 | D:7      | Reached skill level 1 in Transmutations
  1232 | D:7      | Reached XP level 7. HP: 35/35 MP: 9/9
  1250 | D:7      | Noticed Joseph
  1259 | D:7      | Reached skill level 1 in Ice Magic
  1264 | D:7      | Noticed Menkaure
  1273 | D:7      | Killed Menkaure
  1273 | D:7      | Reached skill level 2 in Spellcasting
  1273 | D:7      | Reached skill level 2 in Transmutations
  2039 | D:2      | Found a sacrificial altar of Ru.
  2418 | D:3      | Reached ** piety under Lugonu
  2476 | D:3      | Found a shattered altar of Ashenzari.
  2708 | D:2      | Found a burning altar of Makhleb.
  2717 | D:2      | Reached skill level 3 in Spellcasting
  2717 | D:2      | Reached skill level 2 in Ice Magic
  2825 | D:2      | Reached skill level 3 in Transmutations
  2993 | D:2      | Gained mutation: You have razor-sharp teeth. [Vine Stalker growth]
  2993 | D:2      | Reached XP level 8. HP: 39/39 MP: 13/13
  3026 | D:2      | Learned a level 1 spell: Apportation
  3486 | D:4      | HP: 5/58 [poisoned by a scorpion]
  3487 | D:4      | HP: 2/58 [poisoned by a scorpion]
  3490 | D:4      | Succumbed to a scorpion's poison

Skill      XL: |  1  2  3  4  5  6  7 |
---------------+----------------------+-----
Stealth        | 6 |  6.2
Unarmed Combat | 3 5 |  5.2
Spellcasting   | 1 3 |  3.9
Transmutations | 1 3 |  3.6
Ice Magic      | 2 |  2.4
Fighting       | |  2.6
Armour         | |  1.5
Dodging        | |  0.7
Invocations    | |  1.7

Action                   |  1- 3 |  4- 6 |  7- 9 || total
-------------------------+-------+-------+-------++-------
Melee: Unarmed           |       |    80 |    40 ||   120
       Bite              |       |    28 |    94 ||   122
       Staff             |       |       |   253 ||   253
       Punch             |       |       |     6 ||     6
Throw: Throwing net      |       |       |     1 ||     1
Invok: Depart the Abyss  |       |     1 |       ||     1
Evoke: Wand              |     1 |     7 |     1 ||     9
  Use: Scroll            |       |     8 |     5 ||    13
       Potion            |       |       |     2 ||     2
 Stab: Sleeping          |       |     3 |     7 ||    10
       Distracted        |       |     1 |       ||     1
       Confused          |       |     5 |       ||     5
  Eat: Chunk             |       |     1 |     8 ||     9
Armor: Ring mail         |       |    20 |   113 ||   133
       Skin              |       |       |     2 ||     2
Dodge: Dodged            |       |    28 |   161 ||   189

Table legend:
 A = Turns spent in this place as a percentage of turns spent in the entire game.
 B = Non-inter-level travel turns spent in this place as a percentage of non-inter-level travel turns spent in the entire game.
 C = Inter-level travel turns spent in this place as a percentage of turns spent in this place.
 D = Turns resting spent in this place as a percentage of non-inter-level travel turns spent in this place.
 E = Turns spent auto-exploring this place as a percentage of non-inter-level travel turns spent in this place.
 F = Non-inter-level travel turns spent in this place divided by the number of levels of this place that you've seen.
                   A       B       C       D       E      F
               +-------+-------+-------+-------+-------+----------------------
         Total | 100.0 | 100.0 |   0.3 |   0.2 |   0.0 | 247.1
       Dungeon |  83.3 |  83.2 |   0.3 |   0.2 |   0.0 | 308.5
         Abyss |  16.7 |  16.8 |   0.0 |   0.0 |   0.0 | 124.2
               +-------+-------+-------+-------+-------+----------------------

Table legend:
 A = Kills in this place as a percentage of kills in entire the game.
 B = Kills by you in this place as a percentage of kills by you in the entire game.
 C = Kills by friends in this place as a percentage of kills by friends in the entire game.
 D = Other kills in this place as a percentage of other kills in the entire game.
 E = Experience gained in this place as a percentage of experience gained in the entire game.
 F = Experience gained in this place divided by the number of levels of this place that you have seen.
                   A       B       C       D       E      F
               +-------+-------+-------+-------+-------+----------------------
         Total | 100.0 | 100.0 |  -nan |  -nan | 100.0 | 126.2
       Dungeon |  98.8 |  98.8 |  -nan |  -nan |  86.9 | 164.4
         Abyss |   1.2 |   1.2 |  -nan |  -nan |  13.1 |  49.8
               +-------+-------+-------+-------+-------+----------------------

Vault maps used:
D:1:      minmay_arrival_solitary_statue
D:2:      forest_paths, lemuel_round_altar, makhleb_blood_cavern_becter
D:3:      evilmike_ruin_ashenzari, minmay_unequal
D:4:      first_bread
D:6:      grunt_temple_overflow_open, serial_shops, shop, uniq_blork_the_orc,
          uniq_grinder
D:7:      lemuel_zombie_altar_yredelemnul, minmay_temple_entry_purple_smoke,
          st_stairs_12, uniq_joseph, uniq_menkaure
D:8:      kiku_gazebo_pond_becter, uniq_maurice, uniq_erica
Abyss:3:  evilmike_abyss_rune_elephants
Abyss:4:  evilmike_abyss_rune_shrine
